 Dungeon Crawl Stone Soup version 0.31.0-32-g396128a36d (webtiles) character file.

Game seed: 14101320530411990979

214 Tovical the Cudgeller (level 5, -3/32 HPs)
             Began as a Gargoyle Fighter on Mar 17, 2024.
             Slain by a gnoll
             ... wielding a +0 whip
             ... led by a gnoll sergeant
              (4 damage)
             ... on level 3 of the Dungeon.
             The game lasted 00:05:02 (2563 turns).

Tovical the Cudgeller (Gargoyle Fighter)            Turns: 2563, Time: 00:05:02

Health: -3/32      AC: 11    Str: 19    XL:     5   Next: 92%
Magic:  5/5        EV:  9    Int: 11    God:
Gold:   148        SH:  5    Dex: 15    Spells: 4/4 levels left

rFire   . . .        e - +2 war axe (freeze)
rCold   . . .        c - +0 buckler
rNeg    + . .        b - +1 scale mail
rPois   ∞            (no helmet)
rElec   +            (no cloak)
rCorr   .            (no gloves)
SInv    .            (no boots)
Will    .....        (no amulet) Stlth
                     i - +6 ring of dexterity
HPRegen 0.25/turn    (no ring)
MPRegen 0.09/turn

%: no passive effects
@: no status effects
A: sickness immunity, AC +4, negative energy resistance 1, electricity
resistance, torment resistance 1, petrification resistance
a: no special abilities


You were on level 3 of the Dungeon.
You visited 1 branch of the dungeon, and saw 4 of its levels.

You collected 148 gold pieces.

Inventory:

Hand Weapons
 a - a +0 flail
 e - a +2 war axe of freezing (weapon)
Missiles
 k - a throwing net (quivered)
Armour
 b - a +1 scale mail (worn)
 c - a +0 buckler (worn)
Jewellery
 i - a +6 ring of dexterity (left hand)
Scrolls
 g - a scroll of enchant armour
Potions
 h - a potion of haste {unknown}
 j - 2 potions of curing
 m - a potion of lignification {unknown}
 n - a potion of heal wounds {unknown}


   Skills:
 - Level 3.2 Fighting
 + Level 6.0 Maces & Flails
 - Level 3.2 Armour
 - Level 3.2 Shields


You had 4 spell levels left.
You didn't know any spells.
Your spell library contained the following spells:

 Spells                   Type           Power      Damage    Failure   Level
 Olgreb's Toxic Radiance  Alch           0%         N/A       100%        4
 Ozocubu's Refrigeration  Ice            0%         4d7       100%        7
 Discord                  Hex            0%         N/A       100%        8


Dungeon Overview and Level Annotations

Branches:
Dungeon (4/15)
 Temple: D:4-7

Altars:
Elyvilon
Yredelemnul

Shops:
D:4 [


Innate Abilities, Weirdness & Mutations

You are immune to sickness and miasma.
Your stone body is resilient. (AC +4)
You are immune to poison.
You resist negative energy. (rN+)
You are resistant to electric shocks. (rElec)
You are resistant to unholy torment.
You are immune to petrification.


Message History

The gnoll sergeant hits you with a +0 spear!
The gnoll sergeant barely misses you.
You closely miss the gnoll sergeant.
The gnoll sergeant is heavily wounded.
The gnoll sergeant hits you with a +0 spear.
You hit the gnoll sergeant but do no damage.
The gnoll sergeant is heavily wounded.
You block the gnoll sergeant's attack.
You hit the gnoll sergeant but do no damage.
The gnoll sergeant is heavily wounded.
You block the gnoll sergeant's attack.
The gnoll sergeant hits you with a +0 spear.
You are too injured to fight recklessly!
You are too injured to fight recklessly!
You are too injured to fight recklessly!
You hit the gnoll sergeant. You freeze the gnoll sergeant.
The gnoll sergeant is heavily wounded.
You block the gnoll sergeant's attack.
You closely miss the gnoll sergeant.
The gnoll sergeant is heavily wounded.
The gnoll sergeant misses you.
The gnoll sergeant hits you but does no damage.
You barely miss the gnoll sergeant.
The gnoll sergeant is heavily wounded.
The gnoll sergeant hits you with a +0 spear.
You closely miss the gnoll sergeant.
The gnoll sergeant is heavily wounded.
The gnoll sergeant hits you with a +0 spear.
* * * LOW HITPOINT WARNING * * *
You slash the gnoll sergeant! You freeze the gnoll sergeant.
You kill the gnoll sergeant!
The gnoll hits you with a +0 whip.
* * * LOW HITPOINT WARNING * * *
Your Maces & Flails skill increases to level 6!
You barely miss the gnoll. The gnoll hits you with a +0 whip.
* * * LOW HITPOINT WARNING * * *
You barely miss the gnoll. The gnoll hits you with a +0 whip.
* * * LOW HITPOINT WARNING * * *
The gnoll hits you with a +0 whip.
You die...

###########
#.........#
#.#######.###
####### #.# #.#.##
### #.....# #@#
#####....###.#
####.###.# #g#
#.........#...
.....# #.# #g#
#.###....#....
####.###.# #g# #.#
#.#....... #.....#
#.###.###.#..###.#
#####†#####
#.........##.###.#
#.........#
####g#####.......#
#.###.###.# ####.#
#.#._.#..
##.###.###.##
##...g# #........


You could see 3 gnolls.

Vanquished Creatures
  A gnoll sergeant (D:3)
  An orc priest (D:3)
  6 adders
  4 dart slugs
  7 orcs (D:3)
  8 bats
  5 endoplasms
  3 goblins
  A hobgoblin (D:2)
  3 kobolds
  4 quokkas
  6 ball pythons
  3 frilled lizards
  7 rats
59 creatures vanquished.

Notes
Turn   | Place    | Note
-------+----------+-------------------------------------------
     0 | D:1      | Tovical the Gargoyle Fighter began the quest for the Orb.
     0 | D:1      | Reached XP level 1. HP: 14/14 MP: 1/1
   136 | D:1      | Reached XP level 2. HP: 19/19 MP: 2/2
   379 | D:1      | Reached skill level 3 in Maces & Flails
   620 | D:1      | Reached XP level 3. HP: 23/23 MP: 3/3
  1090 | D:2      | Reached skill level 4 in Maces & Flails
  1670 | D:3      | Reached XP level 4. HP: 26/28 MP: 4/4
  1681 | D:3      | Found a white marble altar of Elyvilon.
  1840 | D:3      | Reached skill level 5 in Maces & Flails
  1841 | D:3      | Reached XP level 5. HP: 8/32 MP: 5/5
  1957 | D:3      | Found a basalt altar of Yredelemnul.
  1986 | D:4      | Found Asat's Antique Armour Emporium.
  2562 | D:3      | Reached skill level 6 in Maces & Flails
  2563 | D:3      | HP: 1/32 [gnoll/+0 whip[a gnoll sergeant] (3)]
  2563 | D:3      | Slain by a gnoll

Illustrated notes

Levels and vault maps discovered:
D:1:      dpeg_arrival_brainrot, layout_loops_ring, corexii_corridor_pit
D:2:      layout_basic
D:3:      layout_loops_corners, mainiacjoe_overflow_six_doors_small,
          mainiacjoe_overflow_tiny_flanked, nicolae_half_adder
D:4:      layout_rooms, mainiacjoe_overflow_large_starburst, temple_hall,
          gammafunk_ghost_necromancy, serial_shops,
          nicolae_shop_tiny_real_fake_doors, nicolae_shop_behind_doors,
          nicolae_shop_trees, nicolae_shop_advertising_works
          [nicolae_subvault_shop_adworks], shop

Skill      XL: |  1  2  3  4  5 |
---------------+----------------+-----
Maces & Flails | 3 4 5 6 |  6.0
Fighting       | |  3.2
Armour         | |  3.2
Shields        | |  3.2

Action                     |  1- 3 |  4- 6 || total
---------------------------+-------+-------++-------
  Melee: Flail             |    11 |       ||    11
         War axe           |    72 |    61 ||   133
    Use: Potion            |       |     1 ||     1
         Scroll            |       |     3 ||     3
 Armour: Scale mail        |    52 |    53 ||   105
  Dodge: Dodged            |    44 |    35 ||    79
  Block: Buckler           |    24 |    21 ||    45
